| TOP OF THE 1ST |
|
Aberdeen Ironbirds batting - Pitching for Hudson Valley Renegades : RHP Cameron Bianchi
|
|
Pitching: RHP Cameron Bianchi
|
|
|
Batting: RHB Kevin Popowicz
|
0-0: Ball 1-0: Called Strike 1-1: SINGLE (Groundball, 34D, EV 110.0 MPH)
|
|
Batting: RHB Maup Gommers
|
0-0: Foul Ball, location: 2F 0-1: Grounds out, U3 (Groundball, 3L, EV 80.0 MPH)
|
|
Batting: LHB Sam Williams
|
0-0: Called Strike 0-1: Ball 1-1: Foul Ball, location: 2F 1-2: Strikes out swinging
|
|
Batting: RHB Jonathan Mendoza
|
0-0: Ball 1-0: Swinging Strike 1-1: Swinging Strike 1-2: Foul Ball, location: 2F 1-2: Strikes out swinging
|
| Top of the 1st over - 0 runs, 1 hit, 0 errors, 1 left on base; Aberdeen 0 - Hudson Valley 0 |
| BOTTOM OF THE 1ST |
|
Hudson Valley Renegades batting - Pitching for Aberdeen Ironbirds : RHP Olaf Barker
|
|
Pitching: RHP Olaf Barker
|
|
|
Batting: LHB Dan Hunt
|
0-0: Called Strike 0-1: Called Strike 0-2: Strikes out swinging
|
|
Batting: SHB Josif Popovski
|
0-0: Ball 1-0: Foul Ball, location: 2F 1-1: Ball 2-1: Called Strike 2-2: Ground out 4-3 (Groundball, 4, EV 76.9 MPH)
|
|
Batting: LHB Rocky Crowley
|
0-0: Ball 1-0: Foul Ball, location: 2F 1-1: TRIPLE (Flyball, 78XD, EV 103.1 MPH)
|
|
Batting: LHB Jonathan Spino
|
0-0: Called Strike 0-1: Called Strike 0-2: Strikes out swinging
|
| Bottom of the 1st over - 0 runs, 1 hit, 0 errors, 1 left on base; Aberdeen 0 - Hudson Valley 0 |
| TOP OF THE 2ND |
|
Aberdeen Ironbirds batting - Pitching for Hudson Valley Renegades : RHP Cameron Bianchi
|
|
Batting: LHB Vinny Rivera
|
0-0: Ball 1-0: Ball 2-0: Ground out U3 (Groundball, 34, EV 106.9 MPH)
|
|
Batting: SHB Carlos Carrillo
|
0-0: Called Strike 0-1: Fly out, F9 (Flyball, 89M, EV 97.5 MPH)
|
|
Batting: LHB Pat Fontana
|
0-0: Ground out 3-1 (Groundball, 34S, EV 81.2 MPH)
|
| Top of the 2nd over - 0 runs, 0 hits, 0 errors, 0 left on base; Aberdeen 0 - Hudson Valley 0 |
| BOTTOM OF THE 2ND |
|
Hudson Valley Renegades batting - Pitching for Aberdeen Ironbirds : RHP Olaf Barker
|
|
Batting: SHB Joshua Jackson
|
0-0: Ball 1-0: Ball 2-0: Called Strike 2-1: Ball 3-1: SINGLE (Line Drive, 8RS, EV 97.5 MPH)
|
|
Batting: RHB Alex Koral
|
0-0: Ball 1-0: Called Strike Joshua Jackson is caught stealing 2nd base 2-4 1-1: Ground out 3-1 (Groundball, 34, EV 93.8 MPH)
|
|
Batting: LHB Jimmy Detrie
|
0-0: Called Strike 0-1: SINGLE (Groundball, 25, EV 61.9 MPH) (infield hit)
|
|
Pinch Runner at 1st Mark Richert:
|
|
|
Batting: RHB Jon Gonzales
|
0-0: Ball 1-0: SINGLE (Groundball, 6MD, EV 103.1 MPH) Mark Richert to second Runner from 2nd tries for 3rd, SAFE, throw by CF made to third
|
|
Batting: RHB Evan Chalarian
|
0-0: Fielders Choice at 2nd, 5-4 (Groundball, 56, EV 90.6 MPH)
|
| Bottom of the 2nd over - 0 runs, 3 hits, 0 errors, 2 left on base; Aberdeen 0 - Hudson Valley 0 |
| TOP OF THE 3RD |
|
Aberdeen Ironbirds batting - Pitching for Hudson Valley Renegades : RHP Cameron Bianchi
|
|
Batting: RHB Fernando Bravo
|
0-0: Ball 1-0: Ball 2-0: Ball 3-0: Called Strike 3-1: DOUBLE (Groundball, 5L, EV 107.5 MPH)
|
|
Batting: RHB Matt Berrier
|
0-0: Foul Ball, location: 2F 0-1: Ball 1-1: Ball 2-1: Fly out, F8 (Flyball, 8LD, EV 96.2 MPH)
|
|
Batting: RHB Kevin Popowicz
|
0-0: Called Strike 0-1: Ball 1-1: Foul Ball, location: 2F 1-2: Ground out 5-3 (Groundball, 56, EV 95.0 MPH)
|
|
Batting: RHB Maup Gommers
|
0-0: Swinging Strike 0-1: Swinging Strike 0-2: Ground out 6-3 (Groundball, 56, EV 100.0 MPH)
|
| Top of the 3rd over - 0 runs, 1 hit, 0 errors, 1 left on base; Aberdeen 0 - Hudson Valley 0 |
| BOTTOM OF THE 3RD |
|
Hudson Valley Renegades batting - Pitching for Aberdeen Ironbirds : RHP Olaf Barker
|
|
Batting: LHB Dan Hunt
|
0-0: Foul Ball, location: 2F 0-1: Ball 1-1: Swinging Strike 1-2: Strikes out swinging
|
|
Batting: SHB Josif Popovski
|
0-0: Ball 1-0: Ball 2-0: Ground out 6-3 (Groundball, 6, EV 104.4 MPH)
|
|
Batting: LHB Rocky Crowley
|
0-0: SINGLE (Groundball, 25, EV 73.1 MPH) (infield hit)
|
|
Batting: LHB Jonathan Spino
|
0-0: Ball 1-0: Ball 2-0: Ground out 4-3 (Groundball, 4, EV 88.8 MPH)
|
| Bottom of the 3rd over - 0 runs, 1 hit, 0 errors, 1 left on base; Aberdeen 0 - Hudson Valley 0 |
| TOP OF THE 4TH |
|
Aberdeen Ironbirds batting - Pitching for Hudson Valley Renegades : RHP Cameron Bianchi
|
|
Batting: LHB Sam Williams
|
0-0: Called Strike 0-1: Ball 1-1: Swinging Strike 1-2: Strikes out swinging, 2-3 out at first.
|
|
Batting: RHB Jonathan Mendoza
|
0-0: Foul Ball, location: 2F 0-1: Ball 1-1: Ball 2-1: Foul Ball, location: 2F 2-2: Strikes out looking
|
|
Batting: LHB Vinny Rivera
|
0-0: Ball 1-0: Called Strike 1-1: Ball 2-1: Foul Ball, location: 2F 2-2: Strikes out swinging
|
| Top of the 4th over - 0 runs, 0 hits, 0 errors, 0 left on base; Aberdeen 0 - Hudson Valley 0 |
| BOTTOM OF THE 4TH |
|
Hudson Valley Renegades batting - Pitching for Aberdeen Ironbirds : RHP Olaf Barker
|
|
Batting: SHB Joshua Jackson
|
0-0: Called Strike 0-1: Swinging Strike 0-2: Ball 1-2: Ball 2-2: SINGLE (Groundball, 6S, EV 70.0 MPH) (infield hit)
|
|
Batting: RHB Alex Koral
|
0-0: Called Strike 0-1: Foul Ball, location: 2F 0-2: Ball 1-2: Foul Ball, location: 2F 1-2: Foul Ball, location: 2F 1-2: Fly out, F9 (Flyball, 9LSF, EV 93.8 MPH)
|
|
Batting: RHB Mark Richert
|
0-0: Ball 1-0: Ball 2-0: Swinging Strike 2-1: Swinging Strike 2-2: Ball Wild Pitch! Joshua Jackson to second 3-2: Strikes out looking
|
|
Batting: RHB Jon Gonzales
|
0-0: Ball 1-0: Called Strike 1-1: Ball 2-1: Foul Ball, location: 2F 2-2: Strikes out swinging
|
| Bottom of the 4th over - 0 runs, 1 hit, 0 errors, 1 left on base; Aberdeen 0 - Hudson Valley 0 |
| TOP OF THE 5TH |
|
Aberdeen Ironbirds batting - Pitching for Hudson Valley Renegades : RHP Cameron Bianchi
|
|
Batting: SHB Carlos Carrillo
|
0-0: Ball 1-0: Called Strike 1-1: Ball 2-1: Ball 3-1: Base on Balls
|
|
Batting: LHB Pat Fontana
|
0-0: Ball 1-0: Reached on error, E5 (Groundball, 5, EV 88.8 MPH) Carlos Carrillo to second
|
|
Batting: RHB Fernando Bravo
|
0-0: Ball 1-0: TRIPLE (Line Drive, 89XD, EV 102.5 MPH) Carlos Carrillo scores Pat Fontana scores
|
|
Batting: RHB Matt Berrier
|
0-0: Called Strike 0-1: SINGLE (Groundball, 56D, EV 109.4 MPH) Fernando Bravo scores
|
|
Batting: RHB Kevin Popowicz
|
0-0: Grounds into double play, 4-6-3 (Groundball, 4, EV 105.6 MPH)
|
|
Batting: RHB Maup Gommers
|
0-0: Called Strike 0-1: Ground out 6-3 (Groundball, 4MS, EV 83.1 MPH)
|
| Top of the 5th over - 3 runs, 2 hits, 1 error, 0 left on base; Aberdeen 3 - Hudson Valley 0 |
| BOTTOM OF THE 5TH |
|
Hudson Valley Renegades batting - Pitching for Aberdeen Ironbirds : RHP Olaf Barker
|
|
Batting: RHB Evan Chalarian
|
0-0: Foul Ball, location: 2F 0-1: Ball 1-1: Foul Ball, location: 2F 1-2: Ball 2-2: Fly out, F8 (Line Drive, 8LD, EV 93.8 MPH)
|
|
Batting: LHB Dan Hunt
|
0-0: Ball 1-0: Ball 2-0: Swinging Strike 2-1: Called Strike 2-2: Strikes out swinging
|
|
Batting: SHB Josif Popovski
|
0-0: Ball 1-0: Swinging Strike 1-1: Foul Ball, location: 2F 1-2: Ball 2-2: Foul Ball, location: 2F 2-2: Strikes out swinging
|
| Bottom of the 5th over - 0 runs, 0 hits, 0 errors, 0 left on base; Aberdeen 3 - Hudson Valley 0 |
| TOP OF THE 6TH |
|
Aberdeen Ironbirds batting - Pitching for Hudson Valley Renegades : RHP Cameron Bianchi
|
|
Batting: LHB Sam Williams
|
0-0: Called Strike 0-1: Ball 1-1: Ball 2-1: Ground out 4-3 (Groundball, 4, EV 80.0 MPH)
|
|
Batting: RHB Jonathan Mendoza
|
0-0: Ball 1-0: Fly out, F5 (Popup, 5F, EV 78.1 MPH)
|
|
Batting: LHB Vinny Rivera
|
0-0: Ball 1-0: Ball 2-0: Foul Ball, location: 2F 2-1: SINGLE (Line Drive, 6D, EV 101.9 MPH)
|
|
Batting: SHB Carlos Carrillo
|
0-0: Called Strike 0-1: Called Strike 0-2: Foul Ball, location: 2F 0-2: Ball Vinny Rivera steals 2nd base 1-2: SINGLE (Groundball, 3D, EV 96.2 MPH) Vinny Rivera to third Runner from 3rd tries for Home, SAFE, throw by RF to home
|
|
Batting: LHB Pat Fontana
|
0-0: Fielders Choice at 2nd, 6-4 (Groundball, 6, EV 84.4 MPH)
|
| Top of the 6th over - 1 run, 2 hits, 0 errors, 1 left on base; Aberdeen 4 - Hudson Valley 0 |
| BOTTOM OF THE 6TH |
|
Hudson Valley Renegades batting - Pitching for Aberdeen Ironbirds : RHP Olaf Barker
|
|
Batting: LHB Rocky Crowley
|
0-0: Called Strike 0-1: Foul Ball, location: 2F 0-2: Strikes out looking
|
|
Batting: LHB Jonathan Spino
|
0-0: Ground out 4-3 (Groundball, 4M, EV 86.2 MPH)
|
|
Batting: SHB Joshua Jackson
|
0-0: Swinging Strike 0-1: Ball 1-1: Ball 2-1: DOUBLE (Flyball, 8RXD, EV 112.5 MPH)
|
|
Batting: RHB Alex Koral
|
0-0: Swinging Strike 0-1: Ball 1-1: Foul Ball, location: 2F 1-2: TRIPLE (Line Drive, 89XD, EV 99.4 MPH) Joshua Jackson scores
|
|
Batting: RHB Mark Richert
|
0-0: Ball 1-0: Foul Ball, location: 2F 1-1: Swinging Strike 1-2: Ball 2-2: Ball 3-2: Foul Ball, location: 2F 3-2: Fly out, F8 (Line Drive, 8RD, EV 99.4 MPH)
|
| Bottom of the 6th over - 1 run, 2 hits, 0 errors, 1 left on base; Aberdeen 4 - Hudson Valley 1 |
| TOP OF THE 7TH |
|
Aberdeen Ironbirds batting - Pitching for Hudson Valley Renegades : RHP Cameron Bianchi
|
|
Batting: RHB Fernando Bravo
|
0-0: Ball 1-0: Called Strike 1-1: Foul Ball, location: 2F 1-2: Foul Ball, location: 2F 1-2: Ball 2-2: Ground out 6-3 (Groundball, 6, EV 85.0 MPH)
|
|
Batting: RHB Matt Berrier
|
0-0: Ball 1-0: Foul Ball, location: 2F 1-1: Foul Ball, location: 2F 1-2: Ball 2-2: Foul Ball, location: 2F 2-2: Ball 3-2: Foul Ball, location: 2F 3-2: Ground out 5-3 (Groundball, 56, EV 86.2 MPH)
|
|
Batting: RHB Kevin Popowicz
|
0-0: Called Strike 0-1: Foul Ball, location: 2F 0-2: Ball 1-2: Ball 2-2: Foul Ball, location: 2F 2-2: Ground out 6-3 (Groundball, 6M, EV 80.6 MPH)
|
| Top of the 7th over - 0 runs, 0 hits, 0 errors, 0 left on base; Aberdeen 4 - Hudson Valley 1 |
| BOTTOM OF THE 7TH |
|
Hudson Valley Renegades batting - Pitching for Aberdeen Ironbirds : RHP Olaf Barker
|
|
Batting: RHB Jon Gonzales
|
0-0: Ground out 5-3 (Groundball, 56, EV 82.5 MPH)
|
|
Batting: RHB Evan Chalarian
|
0-0: Swinging Strike 0-1: Called Strike 0-2: Strikes out looking
|
|
Batting: LHB Dan Hunt
|
0-0: Ball 1-0: Foul Ball, location: 2F 1-1: Foul Ball, location: 2F 1-2: Foul Ball, location: 2F 1-2: Ball 2-2: Strikes out swinging
|
| Bottom of the 7th over - 0 runs, 0 hits, 0 errors, 0 left on base; Aberdeen 4 - Hudson Valley 1 |
| TOP OF THE 8TH |
|
Aberdeen Ironbirds batting - Pitching for Hudson Valley Renegades : RHP Cameron Bianchi
|
|
Batting: RHB Maup Gommers
|
0-0: Called Strike 0-1: Swinging Strike 0-2: Ball 1-2: Ball 2-2: Foul Ball, location: 2F 2-2: SINGLE (Groundball, 4D, EV 106.2 MPH)
|
|
Pitching: LHP Hugo Aquino
|
|
|
Batting: LHB Sam Williams
|
0-0: Foul Ball, location: 2F 0-1: Swinging Strike 0-2: Ball 1-2: Strikes out looking
|
|
Pitching: RHP David Hearn
|
|
|
Batting: RHB Jonathan Mendoza
|
0-0: Ball 1-0: Ball 2-0: Called Strike 2-1: Swinging Strike 2-2: Foul Ball, location: 2F 2-2: Strikes out swinging
|
|
Batting: LHB Vinny Rivera
|
0-0: Ball 1-0: Foul Ball, location: 2F 1-1: Swinging Strike 1-2: Ball 2-2: Ball 3-2: Strikes out looking
|
| Top of the 8th over - 0 runs, 1 hit, 0 errors, 1 left on base; Aberdeen 4 - Hudson Valley 1 |
| BOTTOM OF THE 8TH |
|
Hudson Valley Renegades batting - Pitching for Aberdeen Ironbirds : RHP Olaf Barker
|
|
Pitching: RHP Nick Hodge
|
|
|
Now in RF: Jeremy Nuzzo
|
|
|
Batting: SHB Josif Popovski
|
0-0: Ball 1-0: Ground out 5-3 (Groundball, 56S, EV 81.9 MPH)
|
|
Batting: LHB Rocky Crowley
|
0-0: Ball 1-0: Ball 2-0: Ground out U3 (Groundball, 3D, EV 100.6 MPH)
|
|
Batting: LHB Jonathan Spino
|
0-0: Called Strike 0-1: Ball 1-1: Swinging Strike 1-2: Strikes out swinging
|
| Bottom of the 8th over - 0 runs, 0 hits, 0 errors, 0 left on base; Aberdeen 4 - Hudson Valley 1 |
| TOP OF THE 9TH |
|
Aberdeen Ironbirds batting - Pitching for Hudson Valley Renegades : RHP David Hearn
|
|
Batting: SHB Carlos Carrillo
|
0-0: Called Strike 0-1: Ball 1-1: Ball 2-1: Ground out U3 (Groundball, 3L, EV 85.0 MPH)
|
|
Batting: LHB Pat Fontana
|
0-0: Ball 1-0: Called Strike 1-1: Swinging Strike 1-2: Ball 2-2: Strikes out swinging
|
|
Batting: RHB Fernando Bravo
|
0-0: Called Strike 0-1: Foul Ball, location: 2F 0-2: Ground out 6-3 (Groundball, 6, EV 109.4 MPH)
|
| Top of the 9th over - 0 runs, 0 hits, 0 errors, 0 left on base; Aberdeen 4 - Hudson Valley 1 |
| BOTTOM OF THE 9TH |
|
Hudson Valley Renegades batting - Pitching for Aberdeen Ironbirds : RHP Nick Hodge
|
|
Pitching: LHP Ronnie Pickering
|
|
|
Batting: SHB Joshua Jackson
|
0-0: Ground out 6-3 (Groundball, 6, EV 106.2 MPH)
|
|
Batting: RHB Alex Koral
|
0-0: Foul Ball, location: 2F 0-1: Swinging Strike 0-2: Ball 1-2: Ball 2-2: Foul Ball, location: 2F 2-2: Strikes out swinging
|
|
Batting: RHB Mark Richert
|
0-0: Fly out, F5 (Line Drive, 5L, EV 75.6 MPH)
|
| Bottom of the 9th over - 0 runs, 0 hits, 0 errors, 0 left on base; Aberdeen 4 - Hudson Valley 1 |
|